 Dungeon Crawl Stone Soup version 0.20.1-1-g8b1a95d (webtiles) character file.

68 Internecine the Gusty (level 4, 0/33 HPs)
             Began as a Draconian Air Elementalist on Oct 5, 2017.
             Slain by an adder (1 damage)
             ... on level 2 of the Dungeon.
             The game lasted 00:16:11 (1758 turns).

Internecine the Gusty (Draconian Air Elementalist)  Turns: 1758, Time: 00:16:11

Health: 0/33       AC:  5    Str: 10    XL:     4   Next: 1%
Magic:  0/8        EV: 12    Int: 16    God:
Gold:   73         SH:  0    Dex: 12    Spells: 7/8 levels left

rFire    . . .     SeeInvis .   j - +0 short sword
rCold    . . .     Gourm    .   (no shield)
rNeg     . . .     Faith    .   (armour unavailable)
rPois    .         Spirit   .   (helmet restricted)
rElec    .         Reflect  .   (no cloak)
rCorr    .         Harm     .   (no gloves)
MR       .....                  (no boots)
Stlth    ++........             (no amulet)
Regen    0.2/turn               (no ring)
MPRegen  0.2/turn               (no ring)

@: lethally poisoned (0 -> -11), very slightly contaminated
A: unfitting armour, cold-blooded, AC +5
a: no special abilities


You were on level 2 of the Dungeon.
You were not hungry.

You visited 1 branch of the dungeon, and saw 2 of its levels.

You collected 73 gold pieces.

Inventory:

Hand Weapons
 c - a +0 club
 j - a +0 short sword (weapon)
 p - a +0 hand axe
Missiles
 d - 38 sling bullets
 i - 5 stones (quivered)
 l - 16 poisoned needles
 m - 15 bolts
 r - 5 poisoned javelins
 s - a throwing net
 u - 11 arrows
Scrolls
 e - 2 scrolls of fear {unknown}
 h - a scroll of random uselessness {unknown}
 n - 2 scrolls of enchant weapon {unknown}
 o - a scroll of amnesia {unknown}
Potions
 g - a potion of heal wounds {unknown}
 k - a potion of brilliance {unknown}
 t - 2 potions of degeneration {unknown}
Books
 a - a book of Air

   Spells                             Type                      Level
   a - Shock                          Conjuration/Air              1
   b - Swiftness                      Charms/Air                   2
   c - Static Discharge               Conjuration/Air              3
   d - Airstrike                      Air                          4
   e - Lightning Bolt                 Conjuration/Air              5
Comestibles
 b - 2 bread rations
 f - a royal jelly
 q - 6 chunks of flesh


   Skills:
 + Level 0.2 Fighting
 + Level 0.6 Short Blades
 + Level 0.2 Maces & Flails
 + Level 2.1 Dodging
 + Level 1.9 Stealth
 + Level 2.9 Spellcasting
 + Level 1.1 Conjurations
 + Level 3.6 Air Magic


You had 7 spell levels left.
You knew the following spells:

 Your Spells              Type           Power        Failure   Level  Hunger
a - Shock                 Conj/Air       #...         7%          1    #......


Dungeon Overview and Level Annotations

Branches:
Dungeon (2/15)

Altars:


Innate Abilities, Weirdness & Mutations

Your plain brown scales are hard. (AC +5)
You cannot fit into any form of body armour.
You are cold-blooded and may be slowed by cold attacks.


Message History

Casting: Shock
Confirm with . or Enter, or press ? or * to list all spells.
Aiming: Shock
Press: ? - help, Shift-Dir - straight line The zap misses the adder.
* * * LOW HITPOINT WARNING * * *
You feel sick. The adder barely misses you.
You miss the adder.
The adder is heavily wounded.
* * * LOW HITPOINT WARNING * * *
You feel sick. The adder barely misses you. x2
You closely miss the adder.
The adder is heavily wounded.
* * * LOW HITPOINT WARNING * * *
You feel sick. The adder closely misses you.
You barely miss the adder.
Your tail-slap misses the adder.
The adder is heavily wounded.
* * * LOW HITPOINT WARNING * * *
You feel sick. The adder completely misses you. The adder bites you.
You die...

#.#... #.#.##.#
#....# #[#....#
#.#####.###..#
#...........÷#
#.........####.###.#
#########.# #.#<#.#
..# #.#.#.#
##########.#.#.##
#.....S@##.#....#
#.....#†##.######
##### #.##.# #....#
######


You could see an adder.

Vanquished Creatures
  2 adders (D:2)
  2 worms (D:2)
  A dart slug (D:1)
  A leopard gecko (D:1)
  5 giant cockroaches
  4 goblins (D:1)
  3 hobgoblins
  4 jackals (D:2)
  4 ball pythons
  3 bats (D:2)
  A frilled lizard (D:1)
  4 kobolds
  8 rats
42 creatures vanquished.

Notes
Turn   | Place    | Note
-------+----------+-------------------------------------------
     0 | D:1      | Internecine the Draconian Air Elementalist began the quest for the Orb.
     0 | D:1      | Reached XP level 1. HP: 14/14 MP: 3/3
   298 | D:1      | Reached XP level 2. HP: 18/20 MP: 1/5
  1139 | D:2      | Reached XP level 3. HP: 24/26 MP: 0/6
  1752 | D:2      | Reached XP level 4. HP: 11/33 MP: 2/8
  1758 | D:2      | HP: 1/33 [poisoned by an adder]
  1758 | D:2      | Slain by an adder

Skill      XL: |  1  2 |
---------------+-------+-----
Dodging        | 2 |  2.1
Fighting       | |  0.2
Short Blades   | |  0.6
Maces & Flails | |  0.2
Stealth        | |  1.9
Spellcasting   | |  2.9
Conjurations   | |  1.1
Air Magic      | |  3.6

Action                   |  1- 3 |  4- 6 || total
-------------------------+-------+-------++-------
Melee: Club              |    17 |       ||    17
       Unarmed           |     9 |       ||     9
       Short sword       |    41 |     3 ||    44
       Tailslap          |     7 |       ||     7
Throw: Stone             |     4 |       ||     4
       Javelin           |     5 |       ||     5
 Cast: Shock             |    62 |     2 ||    64
  Eat: Chunk             |     3 |       ||     3
Armor: Skin              |    22 |     1 ||    23
Dodge: Dodged            |    55 |     7 ||    62
